 Dungeon Crawl Stone Soup version 0.23.2-1-ga50397a (webtiles) character file.

Game seed: 10261187240422857529

968 MalarOregon the Ruffian (level 8, -4/70 HPs)
             Began as a Ghoul Gladiator on May 30, 2019.
             Was a Follower of Makhleb.
             Slain by an iguana (12 damage)
             ... on level 5 of the Dungeon.
             The game lasted 00:05:50 (3530 turns).

MalarOregon the Ruffian (Ghoul Gladiator)           Turns: 3530, Time: 00:05:51

Health: -4/70      AC:  6    Str: 20    XL:     8   Next: 16%
Magic:  7/7        EV: 12    Int:  3    God:    Makhleb [*.....]
Gold:   252        SH:  0    Dex: 10    Spells: 7/7 levels left

rFire    + . .     SeeInvis .     - Unarmed
rCold    + . .     Gourm    .   (no shield)
rNeg     + + +     Faith    .   a - +0 leather armour
rPois    ∞         Spirit   .   b - +1 helmet
rElec    .         Reflect  .   (no cloak)
rCorr    .         Harm     .   (no gloves)
MR       .....                  m - +0 pair of boots
Stlth    +++.......             s - amulet of regeneration
HPRegen  0.00/turn              i - ring of protection from fire
MPRegen  0.10/turn              (no ring)

@: rotting
A: rotting body, claws 1, carnivore, cold resistance 1, negative energy
resistance 3, inhibited regeneration, torment resistance, unbreathing
a: Renounce Religion


You were on level 5 of the Dungeon.
You worshipped Makhleb.
Makhleb was aware of your devotion.
You were not hungry.

You visited 1 branch of the dungeon, and saw 5 of its levels.

You collected 252 gold pieces.

Inventory:

Missiles
 c - 3 throwing nets (quivered) {!f}
Armour
 a - a +0 leather armour (worn)
 b - a +1 helmet (worn)
 m - a +0 pair of boots (worn)
   (You found it on level 3 of the Dungeon)
Jewellery
 i - a ring of protection from fire (left claw)
   (You found it on level 2 of the Dungeon)
 s - an amulet of regeneration (around neck)
   (You found it on level 4 of the Dungeon)
Wands
 q - a wand of clouds (5)
   (You found it on level 3 of the Dungeon)
Scrolls
 g - 5 scrolls of identify {@r1}
 o - 2 scrolls of magic mapping
 p - 2 scrolls of teleportation {@r4}
 t - a scroll of enchant armour
 u - a scroll of remove curse {@r2}
 w - a scroll of enchant weapon
Potions
 d - a potion of brilliance {unknown}
 f - 3 potions of curing {@q1}
 h - 2 potions of lignification {unknown}
 j - 3 potions of flight
 k - a potion of degeneration {unknown}
 l - 5 potions of heal wounds {@q2}
 n - a potion of mutation {unknown}
 r - a potion of might {unknown}
 x - a potion of haste {unknown}
Comestibles
 e - 8 rations {!d}
 v - 3 chunks of flesh


   Skills:
 + Level 6.1 Fighting
 - Level 1.7 Throwing
 - Level 2.6 Dodging
 + Level 6.1 Stealth
 + Level 6.6 Unarmed Combat


You had 7 spell levels left.
You didn't know any spells.
Your spell library was empty.

Dungeon Overview and Level Annotations

Branches:
Dungeon (5/15)
 Temple: D:4-7

Altars:
Fedhas
Makhleb
Ru

Annotations:
D:5 1 runed translucent door, shugdite's ghost, novice MiMo


Innate Abilities, Weirdness & Mutations

Your body is rotting away.
You thrive on raw meat.
You are immune to poison.
You have sharp fingernails.
You are carnivorous and can eat meat at any time.
Your flesh is cold resistant. (rC+)
You are immune to negative energy. (rN+++)
You do not regenerate when monsters are visible.
You are immune to unholy pain and torment.
You can survive without breathing.


Message History

An orc and an orc priest come into view.
The orc wizard shouts!
The orc shouts!
You hear an angry hiss.
The orc wizard gestures at you while chanting.
You resist with some effort.
An iguana comes into view.
The iguana hisses angrily.
Found 23 stones.
The orc wizard casts a spell at you. The puff of flame hits you. You resist.
You closely miss the orc wizard.
The orc wizard hits you but does no damage.
The orc hits you with a +0 war axe!
You closely miss the orc wizard.
The orc wizard hits you but does no damage.
The orc barely misses you.
You mangle the orc wizard!!
You kill the orc wizard!
Makhleb accepts your kill.
The orc priest calls down the wrath of Beogh upon you.
Beogh smites you! The orc closely misses you.
You claw the iguana! The iguana barely misses you.
You scratch the iguana but do no damage.
The orc hits you with a +0 war axe. The iguana barely misses you.
You barely miss the iguana. The orc closely misses you. The iguana bites you!
* * * LOW HITPOINT WARNING * * *
You scratch the orc. The iguana misses you. The orc closely misses you.
You closely miss the orc. The iguana barely misses you.
You scratch the orc.
You kill the orc!
Makhleb accepts your kill. The iguana barely misses you.
You claw the orc priest!
The orc priest mumbles some strange prayers to Beogh against you.
Beogh smites you!
* * * LOW HITPOINT WARNING * * *
You scratch the orc priest.
You kill the orc priest!
Makhleb accepts your kill. The iguana closely misses you.
You completely miss the iguana. The iguana closely misses you.
You scratch the iguana. The iguana barely misses you.
You scratch the iguana. The iguana barely misses you.
You completely miss the iguana. The iguana closely misses you.
You scratch the iguana but do no damage.
The iguana bites you!
* * * LOW HITPOINT WARNING * * *
Eat one of 4 chunks of flesh? (ye/n/q)
You eat one of the 4 chunks of flesh.
This raw flesh tastes great!
The iguana bites you!
You die...

#####......####
#.#....# #.#....#
#.#....#
##......##
#........#
#....(...#
#..#...#.#######
#.......@......#
........#l)##(#.#
......#.##..#
............#
....... ##.#
..###. .# .. ##


You could see an iguana.

Vanquished Creatures
  Grinder (D:3)
  An ice beast (D:5)
  3 ogres
  A howler monkey (D:4)
  A crimson imp (D:2)
  2 orc priests
  2 iguanas (D:4)
  3 orc wizards (D:5)
  A worker ant (D:5)
  A hound skeleton (D:5)
  5 adders
  An ooze (D:1)
  An adder zombie (D:5)
  2 dart slugs (D:1)
  A leopard gecko (D:3)
  11 orcs
  7 giant cockroaches
  4 goblins
  4 hobgoblins
  6 jackals
  3 quokkas
  3 ball pythons
  7 bats
  6 frilled lizards
  10 kobolds
  2 leopard gecko skeletons
  11 rats
100 creatures vanquished.

Notes
Turn   | Place    | Note
-------+----------+-------------------------------------------
     0 | D:1      | MalarOregon the Ghoul Gladiator began the quest for the
                  | Orb.
     0 | D:1      | Reached XP level 1. HP: 17/17 MP: 0/0
   160 | D:1      | Reached skill level 1 in Stealth
   160 | D:1      | Reached XP level 2. HP: 23/25 MP: 1/1
   286 | D:1      | Reached XP level 3. HP: 25/30 MP: 2/2
   967 | D:2      | Reached XP level 4. HP: 37/38 MP: 3/3
  1275 | D:2      | Found a blossoming altar of Fedhas.
  1560 | D:3      | Reached XP level 5. HP: 25/46 MP: 4/4
  1704 | D:3      | Found a burning altar of Makhleb.
  1721 | D:3      | Became a worshipper of Makhleb the Destroyer
  1855 | D:3      | Noticed Grinder
  1872 | D:3      | Paralysed by Grinder for 2 turns
  1879 | D:3      | Killed Grinder
  1879 | D:3      | Reached skill level 5 in Unarmed Combat
  1879 | D:3      | Reached XP level 6. HP: 42/53 MP: 5/5
  2216 | D:4      | Found a sacrificial altar of Ru.
  2274 | D:4      | Reached skill level 5 in Fighting
  2274 | D:4      | Reached XP level 7. HP: 38/61 MP: 6/6
  2889 | D:4      | Reached skill level 5 in Stealth
  3076 | D:5      | Entered Level 5 of the Dungeon
  3211 | D:5      | Reached * piety under Makhleb
  3383 | D:4      | Reached XP level 8. HP: 70/70 MP: 7/7
  3410 | D:5      | Found a runed translucent door.
  3410 | D:5      | Noticed shugdite's ghost (novice MiMo)
  3530 | D:5      | Slain by an iguana

Skill      XL: |  1  2  3  4  5  6  7  8 |
---------------+-------------------------+-----
Stealth        | 1 2 3 4 5 6 |  6.1
Fighting       | 3 4 5 6 |  6.1
Unarmed Combat | 4 5 6 |  6.6
Throwing       | |  1.7
Dodging        | |  2.6

Action                   |  1- 3 |  4- 6 |  7- 9 || total
-------------------------+-------+-------+-------++-------
Melee: Unarmed           |   155 |   119 |    91 ||   365
       Punch             |     1 |     1 |     7 ||     9
  Use: Scroll            |     1 |     9 |     2 ||    12
 Stab: Sleeping          |     3 |     1 |     2 ||     6
  Eat: Chunk             |     4 |    10 |     7 ||    21
       Ration            |       |       |     1 ||     1
Armor: Leather armour    |    76 |    39 |    15 ||   130
Dodge: Dodged            |   126 |    80 |    48 ||   254
